 Dungeon Crawl Stone Soup version 0.31-a0-263-ge8cad7f256 (webtiles) character file.

Game seed: 17608289270534706295

326 qw the Shooter (level 6, -2/51 HPs)
             Began as a Minotaur Hexslinger on July 13, 2023.
             Shot with an arrow by a centaur (12 damage)
             ... on level 4 of the Dungeon.
             The game lasted 00:01:03 (3132 turns).

qw the Shooter (Minotaur Hexslinger)                Turns: 3132, Time: 00:01:03

Health: -2/51      AC:  4    Str: 12    XL:     6   Next: 24%
Magic:  6/6        EV: 12    Int: 10    God:
Gold:   160        SH:  0    Dex: 15    Spells: 6/7 levels left

rFire   . . .        a - +0 orcbow
rCold   . . .        (shield currently unavailable)
rNeg    . . .        j - +0 leather armour
rPois   .            (helmet restricted)
rElec   +            n - +0 cloak
rCorr   .            (no gloves)
SInv    .            (no boots)
Will    +....        (no amulet)
Stlth   +            i - ring of willpower
HPRegen 0.28/turn    (no ring)
MPRegen 0.10/turn

%: no passive effects
@: no status effects
A: horns 2, retaliatory headbutt, electricity resistance
a: no special abilities


You were on level 4 of the Dungeon.
You visited 1 branch of the dungeon, and saw 4 of its levels.

You collected 160 gold pieces.


Innate Abilities, Weirdness & Mutations

You have a pair of horns on your head.
You reflexively headbutt those who attack you in melee.
You are resistant to electric shocks. (rElec)


   Skills:
 + Level 3.0 Fighting
 - Level 6.2 Ranged Weapons
 - Level 2.5 Armour
 - Level 2.1 Dodging
 - Level 1.0 Spellcasting
 - Level 2.0 Hexes


You had 6 spell levels left.
You knew the following spells:

 Your Spells              Type           Power      Damage    Failure   Level
a - Slow                  Hex            16%        N/A       19%         1

Your spell library contained the following spells:

 Spells                   Type           Power      Damage    Failure   Level
 Inner Flame              Hex/Fire       2%         N/A       65%         3
 Portal Projectile        Hex/Tloc       4%         N/A       65%         3
 Cause Fear               Hex            2%         N/A       88%         4

Inventory:

Hand Weapons
 a - a +0 orcbow (weapon)
Armour
 e - a +0 ring mail
 j - a +0 leather armour (worn)
 n - a +0 cloak (worn)
Jewellery
 i - a ring of willpower (left hand)
Scrolls
 k - a scroll of teleportation
 o - a scroll of identify
Potions
 b - a potion of brilliance {unknown}
 c - a potion of invisibility {unknown}
 d - a potion of enlightenment {unknown}
 f - 2 potions of curing {unknown}
 g - a potion of degeneration {unknown}
 h - a potion of lignification {unknown}
 l - a potion of magic {unknown}
 m - a potion of haste {unknown}
 p - a potion of mutation

Dungeon Overview and Level Annotations

Branches:
Dungeon (4/15)
 Temple: D:4-7

Altars:
Zin

Shops:
D:2 (

Annotations:
D:2 1 runed translucent door, Crazy Yiuf


Message History

You kill the endoplasm!
You now have 147 gold pieces (gained 14).
You now have 160 gold pieces (gained 13).
A centaur comes into view.
The centaur wields a +0 shortbow.
The centaur shoots an arrow.
The arrow hits you!
Enter note:
Enter note:
Enter note:
Enter note:
Enter note:
Enter note:
Enter note:
Enter note:
Enter note:
Enter note:
Enter note:
Enter note: You shoot an arrow.
The arrow hits the centaur.
The centaur is lightly wounded.
The centaur shoots an arrow.
The arrow hits you!
The centaur shoots an arrow.
The arrow barely misses you.
You shoot an arrow. The arrow barely misses the centaur.
The centaur shoots an arrow.
The arrow hits you!
You shoot an arrow. The arrow hits the centaur.
The centaur is moderately wounded.
The centaur shoots an arrow.
The arrow barely misses you.
The centaur shoots an arrow.
The arrow barely misses you.
You shoot an arrow. The arrow closely misses the centaur.
The centaur shoots an arrow.
The arrow hits you!
The centaur shoots an arrow.
The arrow closely misses you.
You shoot an arrow. The arrow hits the centaur.
The centaur is severely wounded.
The centaur shoots an arrow.
The arrow barely misses you.
You shoot an arrow.
The arrow hits the centaur but does no damage.
The centaur is severely wounded.
The centaur shoots an arrow.
The arrow hits you!
The centaur shoots an arrow.
The arrow hits you!
You die...

#.....#...###....
##777##....#...##...#.
#..7..##...........###
#.......#.........#..##
#. .....#.....#........
#.. ...##....#...##...
##... #.#........####..
......##...##<...[...#..
.......@................
..c..................)..
...#.#.....>............
. # #..................
...#................
....####.###.........
.### #.###......... #.
#...............
#...###.........


You could see a centaur.

Vanquished Creatures
  2 ogres (D:4)
  Jessica (D:2)
  Robin (D:3)
  4 adders
  2 dart slugs (D:2)
  4 ball pythons
  10 bats
  8 endoplasms
  2 giant cockroaches
  16 goblins
  7 hobgoblins
  8 jackals
  A quokka (D:1)
  4 frilled lizards
  4 kobolds
  5 rats
79 creatures vanquished.

Notes
Turn   | Place    | Note
-------+----------+-------------------------------------------
     0 | D:1      | qw the Minotaur Hexslinger began the quest for the Orb.
     0 | D:1      | Reached XP level 1. HP: 16/16 MP: 1/1
     0 | D:1      | 0 ||| qw: Version: 0.3-a-52-g30416fa
     0 | D:1      | 0 ||| qw: Game counter: 7307
     0 | D:1      | 0 ||| qw: Melee chars always use a shield: true
     0 | D:1      | 0 ||| qw: God list: Okawaru
     0 | D:1      | 0 ||| qw: Allow faded altars: false
     0 | D:1      | 0 ||| qw: Do Orc after clearing Dungeon:15 true
     0 | D:1      | 0 ||| qw: Do second Lair branch before Depths: true
     0 | D:1      | 0 ||| qw: Lair rune preference: random
     0 | D:1      | 0 ||| qw: Goals: Normal
     0 | D:1      | 0 ||| PLANNING D:1-11
   135 | D:1      | Reached skill level 3 in Ranged Weapons
   149 | D:1      | Reached XP level 2. HP: 23/23 MP: 2/2
   657 | D:1      | Reached XP level 3. HP: 29/29 MP: 3/3
   890 | D:1      | 890 ||| READING scroll labelled ZAJUENK LEOGH.
   895 | D:1      | 895 ||| DROPPING scroll of poison.
  1120 | D:2      | Found Giliwali's Weapon Emporium.
  1133 | D:2      | Found a glowing silver altar of Zin.
  1274 | D:2      | Reached skill level 4 in Ranged Weapons
  1369 | D:2      | Noticed Jessica
  1380 | D:2      | Killed Jessica
  1381 | D:2      | Reached XP level 4. HP: 33/36 MP: 4/4
  1703 | D:2      | Found a runed translucent door.
  1704 | D:2      | Noticed Crazy Yiuf
  2002 | D:2      | 2002 ||| UPGRADING to +0 leather armour.
  2012 | D:2      | 2012 ||| DROPPING +0 robe.
  2013 | D:2      | 2013 ||| UPGRADING to +0 cloak.
  2018 | D:2      | 2018 ||| UPGRADING to ring of willpower.
  2019 | D:2      | 2019 ||| READING scroll labelled TOROREO WEJEI.
  2020 | D:2      | 2020 ||| READING scroll labelled YCOSHIEHUOP.
  2021 | D:2      | 2021 ||| READING scroll labelled XIXYAKK ZYSEI.
  2084 | D:2      | 2084 ||| READING scroll labelled QIJEOL JOFRU.
  2085 | D:2      | 2085 ||| READING scroll labelled NOMNIU RIKE.
  2204 | D:3      | Reached skill level 5 in Ranged Weapons
  2415 | D:3      | Found a glowing silver altar of Zin.
  2518 | D:3      | Identified the +0 helmet of the Devil {rElec Str+3 Int+2
                  | Stlth-}
  2518 | D:3      | Noticed Robin
  2525 | D:3      | HP: 9/37 [goblin/+0 club[Robin] (3)]
  2530 | D:3      | Killed Robin
  2531 | D:3      | Reached skill level 3 in Fighting
  2786 | D:3      | 2786 ||| DROPPING amulet of magic regeneration.
  2787 | D:3      | 2787 ||| READING scroll labelled LARODIERPH.
  2788 | D:3      | 2788 ||| READING scroll labelled AZEMEDW OPUUGU.
  2789 | D:3      | 2789 ||| READING scroll labelled LUYNWAN XALAI.
  2790 | D:3      | 2790 ||| READING scroll labelled LADES MISE.
  2791 | D:3      | 2791 ||| DRINKING 2 bubbling coppery potions.
  2791 | D:3      | Gained mutation: You are resistant to electric shocks.
                  | (rElec) [potion of mutation]
  2824 | D:4      | Reached XP level 5. HP: 45/45 MP: 5/5
  2845 | D:4      | 2845 ||| SWAPPING to +0 orcbow.
  2848 | D:4      | 2848 ||| DROPPING +2 sling.
  2880 | D:4      | Noticed an ogre
  2887 | D:4      | Killed an ogre
  2888 | D:4      | Reached skill level 6 in Ranged Weapons
  3023 | D:4      | Noticed an ogre
  3027 | D:4      | Killed an ogre
  3028 | D:4      | Reached XP level 6. HP: 51/51 MP: 6/6
  3132 | D:4      | HP: 10/51 [centaur/arrow (7)]
  3132 | D:4      | Shot with an arrow by a centaur

Levels and vault maps discovered:
D:1:      minmay_arrival_three_doors, layout_loops_corners
D:2:      layout_loops_corners, basic_altar, serial_shops, shop, uniq_jessica,
          uniq_crazy_yiuf_cottage
D:3:      layout_loops_cross, zin_academy, minmay_curled_crystal,
          minmay_statues_item, uniq_robin
D:4:      layout_cave_pools, vehumet_statue,
          minmay_temple_entry_enclosed_plants, kennysheep_nub,
          kennysheep_generic_room_6

Skill      XL: |  1  2  3  4  5 |
---------------+----------------+-----
Ranged Weapons | 3 4 5 6 |  6.2
Fighting       | 2 3 |  3.0
Armour         | 2 |  2.5
Dodging        | |  2.1
Spellcasting   | |  1.0
Hexes          | |  2.0

Action                     |  1- 3 |  4- 6 || total
---------------------------+-------+-------++-------
   Fire: Sling             |   120 |    69 ||   189
         Orcbow            |       |    28 ||    28
    Use: Scroll            |     1 |     9 ||    10
         Potion            |       |     1 ||     1
 Armour: Robe              |    16 |     3 ||    19
         Leather armour    |       |    11 ||    11
  Dodge: Dodged            |    50 |    35 ||    85

Table legend:
 A = Non-vault XP
 B = Vault XP
 C = Vault XP percentage of total XP
 D = Non-vault monster count
 E = Vault monster count
 F = Vault count percentage of total count
                 A         B        C        D         E       F
            +---------+---------+-------+---------+---------+-------
      Total |     396 |      71 |  15.2 |      67 |      12 |  15.2
            +---------+---------+-------+---------+---------+-------
        D:1 |      44 |       0 |   0.0 |      27 |       0 |   0.0
        D:2 |      46 |      37 |  44.6 |      17 |       1 |   5.6
        D:3 |      31 |      34 |  52.3 |      12 |      11 |  47.8
        D:4 |     275 |       0 |   0.0 |      11 |       0 |   0.0
            +---------+---------+-------+---------+---------+-------
